AAA EAST
ST. PAUL SAINTS @ MEMPHIS REDBIRDS
05/24/2042
 
TOP OF THE 1ST
St. Paul Saints batting - Pitching for Memphis Redbirds : RHP Steve Foster
Pitching: RHP Steve Foster
Batting: LHB Juan Moreno 0-0: Called Strike
0-1: Ball
1-1: Swinging Strike
1-2: Ball
2-2: Fly out, F8 (Flyball, 8LD, EV 100.6 MPH)
Batting: LHB Rubén Rosete 0-0: Ball
1-0: Ball
2-0: Ball
3-0: Base on Balls
Batting: RHB Leonardo Boccasino 0-0: Called Strike
0-1: Foul Ball, location: 5SF
0-2: Foul Ball, location: 7LMF
0-2: Strikes out swinging
Batting: LHB Joe McMahon 0-0: Called Strike
Rubén Rosete steals 2nd base
0-1: Called Strike
0-2: Strikes out swinging
Top of the 1st over - 0 runs, 0 hits, 0 errors, 1 left on base; St. Paul 0 - Memphis 0
BOTTOM OF THE 1ST
Memphis Redbirds batting - Pitching for St. Paul Saints : RHP Greg Giles
Pitching: RHP Greg Giles
Batting: RHB António Valentín 0-0: Ball
1-0: Ball
2-0: Called Strike
2-1: Ball
3-1: Called Strike
3-2: SINGLE (Line Drive, 8LS, EV 106.3 MPH)
Batting: RHB Augusto Padilla 0-0: Ball
1-0: Sac Bunt to 2L - play at first, batter OUT! 2-3
António Valentín to second
Batting: LHB Sandy Briggs 0-0: Ball
1-0: Hit by Pitch
Batting: RHB Robbie Mayes 0-0: Ball
1-0: Foul Ball, location: 2F
1-1: Foul Ball, location: 9LMF
1-2: Foul Ball, location: 3DF
1-2: 3-RUN HOME RUN (Flyball, 78XD, EV 99.4 MPH), Distance : 414 ft
Batting: LHB Raúl Soto 0-0: Ball
1-0: Fly out, F7 (Flyball, 78S, EV 78.8 MPH)
Batting: RHB Donnie Fields 0-0: Called Strike
0-1: Ball
1-1: Foul Ball, location: 2F
1-2: Strikes out swinging
Bottom of the 1st over - 3 runs, 2 hits, 0 errors, 0 left on base; St. Paul 0 - Memphis 3
TOP OF THE 2ND
St. Paul Saints batting - Pitching for Memphis Redbirds : RHP Steve Foster
Batting: RHB Jesús Carranza 0-0: Called Strike
0-1: Called Strike
0-2: Foul Ball, location: 23F
0-2: Foul Ball, location: 5F
0-2: Ball
1-2: Strikes out swinging
Batting: LHB José Toledo 0-0: Ball
1-0: Ball
2-0: Ball
3-0: Called Strike
3-1: Foul Ball, location: 25FF
3-2: Foul Ball, location: 3FF
3-2: SINGLE (Line Drive, 8LS, EV 110.6 MPH)
Batting: RHB António Ortíz 0-0: Foul Ball, location: 9LDF
0-1: Fly out, F9 (Flyball, 9D, EV 93.1 MPH)
Batting: LHB Jeremy Castle 0-0: Ball
1-0: Ball
2-0: Foul Ball, location: 7LDF
2-1: Swinging Strike
2-2: Ball
3-2: Fly out, F9 (Flyball, 9, EV 91.3 MPH)
Top of the 2nd over - 0 runs, 1 hit, 0 errors, 1 left on base; St. Paul 0 - Memphis 3
BOTTOM OF THE 2ND
Memphis Redbirds batting - Pitching for St. Paul Saints : RHP Greg Giles
Batting: LHB Juan García 0-0: Ball
1-0: SINGLE (Groundball, 4S, EV 88.1 MPH) (infield hit)
Batting: RHB Tony Vance 0-0: Ball
1-0: Ball
2-0: Ball
3-0: Called Strike
3-1: Base on Balls
Juan García to second
Batting: RHB Juan González 0-0: Called Strike
0-1: Sac Bunt to 13S - play at first, batter OUT! 1-3
Juan García to third
Tony Vance to second
Batting: RHB António Valentín 0-0: Fly out, F9 (Line Drive, 9LM, EV 95.6 MPH)
Runner from 3rd tags up, SCORES, throw by RF
Tony Vance to third
Batting: RHB Augusto Padilla 0-0: Ground out 4-3 (Groundball, 4M, EV 104.4 MPH)
Bottom of the 2nd over - 1 run, 1 hit, 0 errors, 1 left on base; St. Paul 0 - Memphis 4
TOP OF THE 3RD
St. Paul Saints batting - Pitching for Memphis Redbirds : RHP Steve Foster
Batting: RHB Mario Reyes 0-0: Called Strike
0-1: Ball
1-1: Foul Ball, location: 2F
1-2: Ground out 4-3 (Groundball, 4S, EV 85.6 MPH)
Batting: LHB Juan Moreno 0-0: Called Strike
0-1: Ball
1-1: Foul Ball, location: 23F
1-2: Strikes out looking
Batting: LHB Rubén Rosete 0-0: Ball
1-0: Foul Ball, location: 2F
1-1: Ball
2-1: Foul Ball, location: 2F
2-2: Ground out 6-3 (Groundball, 6S, EV 83.1 MPH)
Top of the 3rd over - 0 runs, 0 hits, 0 errors, 0 left on base; St. Paul 0 - Memphis 4
BOTTOM OF THE 3RD
Memphis Redbirds batting - Pitching for St. Paul Saints : RHP Greg Giles
Batting: LHB Sandy Briggs 0-0: SINGLE (Flyball, 8RS, EV 90.0 MPH)
Batting: RHB Robbie Mayes 0-0: Called Strike
0-1: Ball
1-1: Foul Ball, location: 2F
1-2: Strikes out looking
Batting: LHB Raúl Soto 0-0: Foul Ball, location: 3F
0-1: Fly out, F8 (Flyball, 8RM, EV 90.6 MPH)
Batting: RHB Donnie Fields 0-0: Fly out, F3 (Popup, 3F, EV 70.6 MPH)
Bottom of the 3rd over - 0 runs, 1 hit, 0 errors, 1 left on base; St. Paul 0 - Memphis 4
TOP OF THE 4TH
St. Paul Saints batting - Pitching for Memphis Redbirds : RHP Steve Foster
Batting: RHB Leonardo Boccasino 0-0: Swinging Strike
0-1: Ball
1-1: Ball
2-1: Swinging Strike
2-2: Strikes out swinging
Batting: LHB Joe McMahon 0-0: Ball
1-0: Swinging Strike
1-1: Foul Ball, location: 2F
1-2: Strikes out looking
Batting: RHB Jesús Carranza 0-0: Ball
1-0: SINGLE (Groundball, 34D, EV 98.8 MPH)
Batting: LHB José Toledo 0-0: Ball
1-0: Foul Ball, location: 3F
1-1: Ball
2-1: Foul Ball, location: 2F
2-2: Strikes out swinging
Top of the 4th over - 0 runs, 1 hit, 0 errors, 1 left on base; St. Paul 0 - Memphis 4
BOTTOM OF THE 4TH
Memphis Redbirds batting - Pitching for St. Paul Saints : RHP Greg Giles
Batting: LHB Juan García 0-0: Ground out 4-3 (Groundball, 4, EV 88.8 MPH)
Batting: RHB Tony Vance 0-0: Ball
1-0: Ball
2-0: Foul Ball, location: 2F
2-1: Called Strike
2-2: Strikes out swinging
Batting: RHB Juan González 0-0: Ball
1-0: Swinging Strike
1-1: Ball
2-1: Swinging Strike
2-2: Fly out, F7 (Flyball, 78M, EV 95.0 MPH)
Bottom of the 4th over - 0 runs, 0 hits, 0 errors, 0 left on base; St. Paul 0 - Memphis 4
TOP OF THE 5TH
St. Paul Saints batting - Pitching for Memphis Redbirds : RHP Steve Foster
Batting: RHB António Ortíz 0-0: Ball
1-0: Called Strike
1-1: Ball
2-1: Ball
3-1: Fly out, F7 (Flyball, 7D, EV 91.9 MPH)
Batting: LHB Jeremy Castle 0-0: Called Strike
0-1: Called Strike
0-2: Ball
1-2: Ball
2-2: Strikes out swinging
Batting: RHB Mario Reyes 0-0: Ball
1-0: Ball
2-0: Swinging Strike
2-1: DOUBLE (Line Drive, 78D, EV 105.0 MPH)
Batting: LHB Juan Moreno 0-0: Ball
1-0: Ball
2-0: Called Strike
2-1: Foul Ball, location: 2F
2-2: Strikes out swinging
Top of the 5th over - 0 runs, 1 hit, 0 errors, 1 left on base; St. Paul 0 - Memphis 4
BOTTOM OF THE 5TH
Memphis Redbirds batting - Pitching for St. Paul Saints : RHP Greg Giles
Batting: RHB António Valentín 0-0: SOLO HOME RUN (Flyball, 9D, EV 98.8 MPH), Distance : 344 ft
Pitching: RHP Ted Whitehead
Batting: RHB Augusto Padilla 0-0: Called Strike
0-1: Ball
1-1: Ball
2-1: Fly out, F8 (Flyball, 8RD, EV 96.9 MPH)
Batting: LHB Sandy Briggs 0-0: Called Strike
0-1: Fly out, F8 (Flyball, 78D, EV 108.8 MPH)
Batting: RHB Robbie Mayes 0-0: Called Strike
0-1: Foul Ball, location: 5F
0-2: Ball
1-2: Strikes out swinging
Bottom of the 5th over - 1 run, 1 hit, 0 errors, 0 left on base; St. Paul 0 - Memphis 5
TOP OF THE 6TH
St. Paul Saints batting - Pitching for Memphis Redbirds : RHP Steve Foster
Batting: LHB Rubén Rosete 0-0: Called Strike
0-1: Fly out, F4 (Line Drive, 4MD, EV 69.4 MPH)
Batting: RHB Leonardo Boccasino 0-0: Ground out 5-3 (Groundball, 5S, EV 62.5 MPH)
Batting: LHB Joe McMahon 0-0: Ball
1-0: Called Strike
1-1: Foul Ball, location: 5FF
1-2: Strikes out swinging
Top of the 6th over - 0 runs, 0 hits, 0 errors, 0 left on base; St. Paul 0 - Memphis 5
BOTTOM OF THE 6TH
Memphis Redbirds batting - Pitching for St. Paul Saints : RHP Ted Whitehead
Batting: LHB Raúl Soto 0-0: Called Strike
0-1: Ball
1-1: Ball
2-1: Fly out, F9 (Flyball, 9LM, EV 78.8 MPH)
Batting: RHB Donnie Fields 0-0: Called Strike
0-1: Swinging Strike
0-2: Ball
1-2: Strikes out swinging
Batting: LHB Juan García 0-0: Called Strike
0-1: Ball
1-1: Fly out, F4 (Popup, 4MD, EV 55.0 MPH)
Bottom of the 6th over - 0 runs, 0 hits, 0 errors, 0 left on base; St. Paul 0 - Memphis 5
TOP OF THE 7TH
St. Paul Saints batting - Pitching for Memphis Redbirds : RHP Steve Foster
Batting: RHB Jesús Carranza 0-0: Called Strike
0-1: Called Strike
0-2: Ground out 5-3 (Groundball, 15, EV 76.3 MPH)
Batting: LHB José Toledo 0-0: Ball
1-0: Ball
2-0: Called Strike
2-1: Called Strike
2-2: Strikes out swinging
Batting: RHB António Ortíz 0-0: Fly out, F7 (Flyball, 7LMF, EV 92.5 MPH)
Top of the 7th over - 0 runs, 0 hits, 0 errors, 0 left on base; St. Paul 0 - Memphis 5
BOTTOM OF THE 7TH
Memphis Redbirds batting - Pitching for St. Paul Saints : RHP Ted Whitehead
Batting: RHB Tony Vance 0-0: Called Strike
0-1: Called Strike
0-2: Ball
1-2: Foul Ball, location: 5FF
1-2: SINGLE (Line Drive, 4D, EV 103.1 MPH)
Batting: RHB Juan González 0-0: Foul Ball, location: 9LSF
0-1: Ball
1-1: Foul Ball, location: 2F
1-2: Ball
2-2: Ball
3-2: Base on Balls
Tony Vance to second
Batting: RHB António Valentín 0-0: Ball
1-0: Fly out, F7 (Flyball, 7LS, EV 76.3 MPH)
Batting: RHB Augusto Padilla 0-0: DOUBLE (Line Drive, 9LS, EV 95.6 MPH)
Tony Vance scores
Juan González to third
Batting: LHB Sandy Briggs 0-0: Foul Ball, location: 7LSF
0-1: Ball
1-1: Foul Ball, location: 7LSF
1-2: SINGLE (Groundball, 4MD, EV 107.5 MPH)
Juan González scores
Augusto Padilla to third
Batting: SHB Terry Underhill 0-0: Ball
1-0: Called Strike
1-1: Called Strike
1-2: Ball
2-2: Strikes out swinging
Batting: LHB Raúl Soto 0-0: Ball
1-0: Swinging Strike
1-1: Swinging Strike
1-2: Ball
2-2: Strikes out looking
Bottom of the 7th over - 2 runs, 3 hits, 0 errors, 2 left on base; St. Paul 0 - Memphis 7
TOP OF THE 8TH
St. Paul Saints batting - Pitching for Memphis Redbirds : RHP Steve Foster
Batting: LHB Jeremy Castle 0-0: Ball
1-0: Ground out 4-3 (Groundball, 4M, EV 81.3 MPH)
Batting: RHB Mario Reyes 0-0: Ball
1-0: Fly out, F5 (Flyball, 5D, EV 95.6 MPH)
Batting: LHB Juan Moreno 0-0: Ball
1-0: Ball
2-0: Ball
3-0: Swinging Strike
3-1: Foul Ball, location: 2F
3-2: Base on Balls
Batting: LHB Rubén Rosete 0-0: Ball
1-0: Ball
2-0: Called Strike
2-1: DOUBLE (Line Drive, 5D, EV 66.9 MPH)
Juan Moreno to third
Batting: RHB Leonardo Boccasino 0-0: Called Strike
0-1: Called Strike
0-2: Ball
1-2: Strikes out looking
Top of the 8th over - 0 runs, 1 hit, 0 errors, 2 left on base; St. Paul 0 - Memphis 7
BOTTOM OF THE 8TH
Memphis Redbirds batting - Pitching for St. Paul Saints : RHP Ted Whitehead
Batting: RHB Donnie Fields 0-0: Ball
1-0: Ball
2-0: Ball
3-0: Called Strike
3-1: Called Strike
3-2: Foul Ball, location: 7LSF
3-2: Base on Balls
Batting: LHB Juan García 0-0: Called Strike
0-1: Grounds into double play, 4-6-3 (Groundball, 4, EV 102.5 MPH)
Batting: RHB Tony Vance 0-0: Foul Ball, location: 2F
0-1: Ball
1-1: Ball
2-1: Swinging Strike
2-2: Ball
3-2: Base on Balls
Batting: RHB Juan González 0-0: Called Strike
0-1: Ground out 1-3 (Groundball, P, EV 66.3 MPH)
Bottom of the 8th over - 0 runs, 0 hits, 0 errors, 1 left on base; St. Paul 0 - Memphis 7
TOP OF THE 9TH
St. Paul Saints batting - Pitching for Memphis Redbirds : RHP Steve Foster
Batting: LHB Joe McMahon 0-0: Called Strike
0-1: Fly out, F9 (Flyball, 89M, EV 91.3 MPH)
Batting: RHB Jesús Carranza 0-0: Called Strike
0-1: Called Strike
0-2: Ball
1-2: Ground out 6-3 (Groundball, 6, EV 85.0 MPH)
Batting: LHB José Toledo 0-0: Ball
1-0: Called Strike
1-1: Ball
2-1: Swinging Strike
2-2: Foul Ball, location: 2F
2-2: Strikes out swinging
Top of the 9th over - 0 runs, 0 hits, 0 errors, 0 left on base; St. Paul 0 - Memphis 7
Friday, May 3rd , 2024 - OOTP Baseball 24.10 Build 82